 Dungeon Crawl Stone Soup version 0.26.0-10-g1f06aea511 (webtiles) character file.

Game seed: 448128199496446200

41 mopl the Cudgeller (level 3, -3/28 HPs)
             Began as a Barachi Warper on Jan 19, 2021.
             Slain by a gnoll
             ... wielding a +0 flail
              (7 damage)
             ... on level 2 of the Dungeon.
             The game lasted 00:01:58 (1359 turns).

mopl the Cudgeller (Barachi Warper)                 Turns: 1359, Time: 00:01:59

Health: -3/28      AC:  5    Str: 13    XL:     3   Next: 52%
Magic:  6/6        EV: 11    Int: 13    God:
Gold:   64         SH:  0    Dex: 11    Spells: 4/6 levels left

rFire    . . .     SeeInvis +   a - +0 mace
rCold    . . .     Faith    .   (no shield)
rNeg     . . .     Spirit   .   j - +0 ring mail
rPois    .         Reflect  .   (no helmet)
rElec    .         Harm     .   (no cloak)
rCorr    .         Rampage  .   (no gloves)
Will     .....                  (no boots)
Stlth    +.........             (no amulet)
HPRegen  0.09/turn              h - ring of see invisible
MPRegen  0.10/turn              (no ring)

@: slow
A: +LOS, swims, slowness 1, strong legs 1
a: Hop


You were on level 2 of the Dungeon.
You visited 1 branch of the dungeon, and saw 2 of its levels.

You collected 64 gold pieces.

Inventory:

Hand Weapons
 a - a +0 mace (weapon)
Missiles
 e - 5 boomerangs of dispersal (quivered)
 i - 5 javelins
Armour
 c - a +0 scale mail
 j - a +0 ring mail (worn)
Jewellery
 h - a ring of see invisible (left hand)
Scrolls
 d - 3 scrolls of blinking
 f - 4 scrolls of remove curse {unknown}
 g - 2 scrolls of identify {unknown}
 l - 2 scrolls of teleportation {unknown}
 m - a scroll of fear {unknown}
Potions
 b - a potion of cancellation {unknown}
 k - a potion of degeneration {unknown}
 n - a potion of mutation {unknown}


   Skills:
 - Level 2.4 Fighting
 + Level 4.2 Maces & Flails
 - Level 1.0 Throwing
 - Level 1.2 Armour
 - Level 2.1 Dodging
 - Level 2.1 Spellcasting
 - Level 3.2 Translocations


You had 4 spell levels left.
You knew the following spells:

 Your Spells              Type           Power        Failure   Level
e - Blink                 Tloc           N/A          21%         2

Your spell library contained the following spells:

 Spells                   Type           Power        Failure   Level
 Gell's Gravitas          Tloc           4%           38%         3
 Lesser Beckoning         Tloc           4%           38%         3
 Teleport Other           Tloc           9%           38%         3
 Passage of Golubria      Tloc           N/A          80%         4


Dungeon Overview and Level Annotations

Branches:
Dungeon (2/15)

Altars:


Innate Abilities, Weirdness & Mutations

You can be seen from farther away. (+LOS)
You can swim through water.
You cover ground slowly.
You can hop short distances.


Message History

You are too injured to fight recklessly!
You are too injured to fight recklessly!
You are too injured to fight recklessly!
You are too injured to fight recklessly!
You are too injured to fight recklessly!
You are too injured to fight recklessly!
You are too injured to fight recklessly!
You are too injured to fight recklessly!
You are too injured to fight recklessly!
You are too injured to fight recklessly!
You are too injured to fight recklessly!
You are too injured to fight recklessly!
You hit the gnoll.
The gnoll is severely wounded.
The gnoll hits you with a +0 flail!
* * * LOW HITPOINT WARNING * * *
You hit the gnoll but do no damage.
The gnoll is severely wounded.
The gnoll hits you with a +0 flail!
You die...

..................... .....
........†#.#.#.### g...#
..............#.####### ...#
....................... ...# ###.
########.####.###########..#.....
........(...K..)........#
#.#.####.###########.#..###.
#.#.####.##########........> #
#........@g........#..###.
######.#########...##.# #.#
#......# ##'##### #..###.#
#......# #..# .# #......# #..# #
#......# #..# #......# #..#
#......# #..#


You could see a gnoll.

Vanquished Creatures
  2 gnolls
  A leopard gecko (D:1)
  A giant cockroach (D:1)
  5 goblins
  A hobgoblin (D:1)
  7 bats
  3 frilled lizards (D:1)
  4 rats
24 creatures vanquished.

Notes
Turn   | Place    | Note
-------+----------+-------------------------------------------
     0 | D:1      | mopl the Barachi Warper began the quest for the Orb.
     0 | D:1      | Reached XP level 1. HP: 17/17 MP: 3/3
    88 | D:1      | Reached XP level 2. HP: 9/23 MP: 5/5
    93 | D:1      | Reached skill level 3 in Maces & Flails
   322 | D:1      | Learned a level 2 spell: Blink
   985 | D:2      | Reached skill level 4 in Maces & Flails
   985 | D:2      | Reached XP level 3. HP: 4/28 MP: 6/6
  1359 | D:2      | Slain by a gnoll

Illustrated notes

Levels and vault maps discovered:
D:1:      lemuel_arrival_broad_hall, layout_loops_ring, grunt_decor_one_mirror
D:2:      layout_basic, okawaru_trees_1, uniq_jessica

Skill      XL: |  1  2 |
---------------+-------+-----
Maces & Flails | 4 |  4.2
Fighting       | |  2.4
Throwing       | |  1.0
Armour         | |  1.2
Dodging        | |  2.1
Spellcasting   | |  2.1
Translocations | |  3.2

Action                   || total
-------------------------++-------
Melee: Mace              ||    93
 Cast: Blink             ||     1
 Abil: Hop               ||     1
Armor: Leather armour    ||    19
       Ring mail         ||    10
Dodge: Dodged            ||    76
